← All builds
Air / Cortex / Economy first / OBSERVED BUILD

Standard air

Cortex Air build order · Supreme Isthmus

The role's baseline: Aircraft Plant immediately, transports and scouts for the team first, Advanced Metal Extractor and Fusion Reactor on a normal timeline, transitioning into Valiant fighter coverage over the game.

Usually transports first (72%)

#eco #team support #air · 583 distinct matches · 119 players · 79% of Cortex Air games · team won 47% of 655 · Recently observed

HOW TO PLAY IT

Key timing: Aircraft Plant by 1:23

  1. Take 3 mex and open straight into Aircraft Plant.
  2. Finish Aircraft Plant, start pumping Valiant for escort duty.
  3. Get T2 constructor going to scale eco alongside air production.
  4. Add Advanced Metal Extractor to keep pace with team's economy.
  5. Bring Fusion Reactor online, keep making Hercules and Finch for allies.

Phase by phase

TYPICAL OF ITS 583 GAMES
  1. 1
  2. 2
  3. 3
PLAY THE OPENING

Follow the example game's first 6:00 step by step: what to build now, what comes next, and where it goes. At 1× it keeps pace with your own game.

  1. 1

    Up to the Aircraft Plant

    Economy
    • Metal Extractor3Mex
    • Wind Turbine4Wind
    Order
    1. Aircraft PlantAircraft Plant after 3 mex, 4 winddone ~1:24, middle half 1:13–1:35

    Some games also: energy storage (39%)

    By 1:03 in all: 3 mex · 4 wind

    The example game in this phase · 4 steps
    1. Mex ×3
    2. Wind ×7
    3. Energy storage
    4. Aircraft PlantAircraft Plantdone 1:46 · typical 1:24
  2. 2

    Aircraft Plant to 5:00

    Economy
    • Metal Extractor1Mex
    • Wind Turbine9Wind
    • Wind Turbine3Wind
    Builders
    • Construction Turret2 Con turret
    • Construction Aircraft1 Con aircraft
    Army
    • Valiant5 Valiant
    • Finch2 Finch for allies
    • Hercules2 Light transport for allies
    • Hephaestus1 Heavy transport for allies
    • Shuriken1 Shuriken

    Some games also: energy storage (45%) · light transport (44%) · converter (39%) · con turret (33%)

    By 5:00 in all: 3 mex · 1 mex · 13 wind · 3 wind · 1 energy storage · 2 con turret

    The example game in this phase · 24 steps
    1. HerculesLight transportfor Geo sea
    2. FinchFinchfor Geo sea
    3. HerculesLight transportfor Beach sea
    4. FinchFinchfor Beach sea
    5. ValiantValiant ×3
    6. Wind
    7. ValiantValiant ×2
    8. HerculesLight transportfor Tech
    9. Mex
    10. HerculesLight transportfor Tech
    11. ValiantValiant ×2
    12. Energy storage
    13. Wind
    14. ValiantValiant
    15. Wind
    16. Wind
    17. Wind ×2
    18. ValiantValiant
    19. Wind ×2
    20. Wind
    21. Converter
    22. ValiantValiant
    23. Converter
    24. ShurikenShuriken
  3. 3

    5:00 to 10:00

    Economy
    • Wind Turbine20Wind
    • Wind Turbine4Wind
    • Energy Converter6Converter
    Order
    1. Aircraft PlantAircraft Plant after 18 wind, 17 wind, 6 converterin 57% of games
    Builders
    • Construction Turret4 Con turret
    Army
    • Valiant9 Valiant
    • Shuriken1 Shuriken

    Some games also: con aircraft (35%) · fusion (34%) · light transport (31%)

    By 10:00 in all: 3 mex · 1 mex · 24 wind · 20 wind · 8 converter · 1 energy storage

    The example game in this phase · 104 steps
    1. ShurikenShuriken
    2. ValiantValiant
    3. HephaestusHeavy transportfor Tech
    4. ShurikenShuriken ×7
    5. ValiantValiant ×3
    6. Advanced Metal ExtractorT2 mexdone 6:38 · typical 6:48
    7. ValiantValiant
    8. Advanced Metal ExtractorT2 mex
    9. ValiantValiant ×2
    10. Advanced Metal ExtractorT2 mex
    11. ValiantValiant
    12. Con turret
    13. Wind
    14. ValiantValiant
    15. Wind ×2
    16. Advanced Metal ExtractorT2 mex
    17. Wind
    18. ValiantValiant
    19. Wind ×4
    20. ValiantValiant
    21. Wind
    22. Con turret
    23. ValiantValiant
    24. Con turret ×2
    25. ValiantValiant
    26. Wind ×2
    27. ValiantValiant
    28. Aircraft PlantAircraft Plantdone 9:46
    29. Wind
    30. ValiantValiant
    31. Wind
    32. ValiantValiant ×3
    33. FalconFighter
    34. Wind
    35. ValiantValiant
    36. FalconFighter
    37. Wind
    38. ValiantValiant
    39. FalconFighter
    40. Wind
    41. ValiantValiant
    42. FalconFighter
    43. ValiantValiant
    44. Wind
    45. FalconFighter
    46. ValiantValiant
    47. Wind
    48. FalconFighter
    49. ValiantValiant
    50. FalconFighter
    51. Wind
    52. ValiantValiant
    53. Wind
    54. FalconFighter
    55. ValiantValiant
    56. FalconFighter
    57. Wind
    58. ValiantValiant
    59. FalconFighter
    60. ShurikenShuriken
    61. Wind
    62. ShurikenShuriken
    63. FalconFighter
    64. Wind
    65. ShurikenShuriken
    66. FalconFighter
    67. ShurikenShuriken
    68. Wind
    69. ShurikenShuriken
    70. FalconFighter
    71. ShurikenShuriken
    72. Wind
    73. ShurikenShuriken
    74. FalconFighter
    75. ShurikenShuriken
    76. FalconFighter
    77. Wind
    78. ShurikenShuriken
    79. FalconFighter
    80. ShurikenShuriken
    81. Wind
    82. FalconFighter
    83. ShurikenShuriken
    84. FalconFighter
    85. Wind
    86. ShurikenShuriken
    87. FalconFighter
    88. Wind
    89. ShurikenShuriken
    90. FalconFighter
    91. ShurikenShuriken
    92. FalconFighter
    93. Wind
    94. ShurikenShuriken
    95. Wind
    96. ValiantValiant
    97. Wind
    98. Wind
    99. Wind
    100. ValiantValiant
    101. Wind
    102. ValiantValiant
    103. Wind
    104. FalconFighter

Counts are medians over the build's games: half of them build more, half fewer. The example game is Hummell's (47 OS, 02/10/2026); pick another.

Team trades

IN AT LEAST 30% OF ITS GAMES

You hand over

  • Finch2 Finch to Geo sea or Beach seafirst at 1:51 · in 96% of games
  • Hercules3 Light transport to Tech or Geo sea or Beach seafirst at 2:06 · in 99% of games
  • Hephaestus1 Heavy transport to Beach sea or Pond or Techfirst at 2:25 · in 75% of games

You get

  • Wind Turbine3 Wind from Beach sea or Geo seafirst at 1:39 · in 65% of games
  • Wind Turbine3 Wind from Beach sea or Geo sea or Pondfirst at 1:44 · in 49% of games
  • Construction Bot1 Con bot from Techfirst at 2:20 · in 85% of games
  • Advanced Construction Bot1 T2 con bot from Techfirst at 6:03 · in 94% of games

How it plays out

Typical game of this build, running totals by minute

Metal produced

010k20k30k
0:005:0010:0015:00

metal

Enemy metal destroyed

01k2k3k
0:005:0010:0015:00

metal

Own metal lost

01k2k3k
0:005:0010:0015:00

metal

655 games.

Show as table
ByMetal produced: This buildEnemy metal destroyed: This buildOwn metal lost: This build
1:0039300
2:0092500
3:00145900
4:002055051
5:00276673116
6:003769125167
7:005146190219
8:007021226290
9:009346260342
10:0011817328467
11:0014409438638
12:0017109605950
13:00199519421277
14:002267214281816
15:002558320892709
WHAT THE NUMBERS SAY

This is the role's standard support job, winning less than half its games while producing little combat impact but reliably feeding transports and scouts to teammates.

  • + Reaches Aircraft Plant almost immediately (1:23), fast T2 constructor by 5:58.
  • + Keeps own losses low (2789 by 15:00) versus other roles.
  • − Destroys only 2027 enemy metal by 15:00, minimal combat contribution.
  • − Fusion Reactor only completes in 57% of games, some games stall on eco.
THE EXAMPLE YOU ARE READING

Hummell

46.6 OS · 02/10/2026

Open source match ↗

7 received units · includes a constructor
84 metal received · 37776 energy received

Allied construction assistance is unknown. Timings are observations, not a promise of solo reproducibility.

Typical milestones

Aircraft Plant1:24Middle 50%: 1:13–1:35 · n=655
Advanced Metal Extractor6:48Middle 50%: 6:21–7:25 · n=629
Fusion Reactor10:55Middle 50%: 9:56–12:17 · n=401

Played most by

DRM38games of this buildAdeus33games of this buildTheGeneraI32games of this buildNutzz28games of this buildImmort27games of this build